Map: Thunderbird LE

Players

IIIIIIIII

  • Race: Protoss Protoss
  • League: Grandmaster
  • Spawn Location: 11:00

PiG - Winner!

  • Race: Zerg Zerg
  • League: Grandmaster
  • Spawn Location: 5:00

VOD

https://www.youtube.com/watch?v=ieWadeAxT-g

Description

Time

  • Played on: July 10, 2019, 4:56 p.m.
  • Length: 31:26
Show
View Real Time Build Order
Export as new Build Order

IIIIIIIII Protoss 

Build Orders: 1 Gate Expand, Oracle Opening, Phoenix Opening, Mass Phoenix 

Get SALT Encoding   

  12  0:00  Probe  
  13  0:12  Probe  
  14  0:19  Pylon  
  14  0:24  Probe  
  15  0:34  Probe  
  15  0:38  Gateway  
  15  0:42  Probe  
  16  0:48  Assimilator  
  17  0:52  Probe  
  18  1:04  Probe  
  19  1:16  Probe  
  20  1:27  Nexus  
  20  1:29  Probe  
  21  1:37  Cybernetics Core  
  21  1:42  Probe  
  21  1:45  Assimilator  
  22  1:52  Pylon  
  22  1:56  Probe  
  23  2:04  Adept  
  23  2:10  Probe  
  26  2:20  Stargate  
  27  2:22  Probe  
  27  2:29  Warp Gate  
  27  2:33  Probe  
  27  2:36  Probe  
  28  2:37  Adept  
  28  2:41  Probe  
  30  2:44  Probe  
  30  2:49  Probe  
  32  2:54  Probe  
  34  3:00  Phoenix  
  34  3:08  Gateway  
  34  3:11  Probe x2  
  38  3:18  Pylon  
  38  3:23  Probe x2, Oracle  
  43  3:35  Probe x2  
  45  3:42  Pylon  
  45  3:44  Assimilator  
  45  3:45  Assimilator  
  45  3:46  Probe  
  45  3:49  Probe  
  45  3:54  Probe, Stargate  
  47  4:01  Probe  
  49  4:04  Probe  
  50  4:13  Probe  
  50  4:15  Phoenix  
  50  4:16  Probe  
  54  4:20  Zealot  
  54  4:22  Zealot  
  54  4:23  Pylon  
  58  4:29  Probe x2  
  60  4:36  Pylon  
  60  4:40  Phoenix  
  60  4:42  Nexus  
  62  4:46  Phoenix  
  64  4:55  Probe  
  64  4:59  Robotics Facility, Phoenix  
  65  5:01  Sentry  
  65  5:03  Probe, Phoenix  
  68  5:08  Probe  
  68  5:13  Pylon  
  73  5:20  Probe x2  
  75  5:31  Pylon  
  75  5:32  Phoenix x2  
  75  5:33  Shield Battery  
  75  5:34  Probe  
  80  5:36  Probe  
  81  5:48  Probe  
  81  5:49  Probe  
  81  5:50  Robotics Facility  
  81  5:52  Probe  
  81  5:53  Sentry x2  
  81  5:57  Probe x2  
  88  6:00  Probe  
  91  6:05  Probe x2  
  91  6:10  Probe, Robotics Bay  
  91  6:14  Pylon  
  91  6:17  Probe x2, Pylon, Stalker  
  96  6:19  Assimilator  
  96  6:22  Probe  
  96  6:24  Assimilator  
  97  6:29  Probe x2  
  97  6:32  Forge, Twilight Council  
  99  6:34  Probe  
  100  6:41  Probe x2  
  100  6:43  Gateway  
  100  6:44  Gateway  
  100  6:45  Gateway  
  102  6:50  Gateway x2  
  102  6:52  Pylon  
  102  6:56  Colossus, Sentry  
  102  6:59  Blink  
  102  7:00  Colossus  
  116  7:11  Protoss Ground Weapons Level 1  
  116  7:15  Gateway  
  116  7:18  Probe x2  
  116  7:19  Probe  
  119  7:26  Extended Thermal Lance  
  119  7:27  Pylon x2  
  119  7:36  Nexus  
  119  7:39  Pylon  
  119  7:42  Pylon  
  119  7:48  Colossus x2  
  131  8:05  Photon Cannon  
  131  8:09  Shield Battery, Photon Cannon  
  131  8:10  Pylon  
  131  8:11  Pylon  
  131  8:14  Stalker x3  
  131  8:15  Stalker  
  139  8:22  Templar Archives  
  139  8:30  Assimilator  
  139  8:33  Assimilator  
  137  8:34  Photon Cannon  
  137  8:37  Photon Cannon x2  
  137  8:43  Photon Cannon x2  
  137  8:53  Observer  
  137  8:54  Warp Prism  
  138  9:11  Stalker x6  
  138  9:12  Stalker x2  
  154  9:20  Charge  
  151  9:26  Psionic Storm  
  151  9:27  Protoss Ground Weapons Level 2, Gateway x2  
  151  9:29  Gravitic Boosters, Gateway  
  151  9:31  Gateway  
  151  9:43  Zealot x3  
  151  9:44  Zealot  
  145  9:56  Probe  
  145  9:57  Probe  
  145  9:58  Probe  
  133  10:00  Probe  
  133  10:05  Probe x2  
  136  10:14  Probe x3  
  136  10:18  Probe  
  136  10:20  High Templar x3  
  136  10:21  High Templar  
  148  10:23  High Templar x2  
  148  10:25  Archon  
  148  10:26  Archon, Stalker  
  154  10:28  Stalker  
  154  10:29  Archon  
  154  10:35  Probe x3  
  154  10:36  Shield Battery  
  154  10:38  Probe  
  154  10:39  Photon Cannon  
  155  10:47  Probe x3  
  158  10:50  Probe  
  159  10:59  Probe x3, High Templar  
  159  11:00  High Templar x2  
  168  11:15  Probe x4  
  172  11:18  Zealot  
  172  11:19  Zealot x5  
  172  11:22  Archon, Protoss Air Weapons Level 1  
  172  11:25  High Templar x2  
  188  11:28  Zealot  
  188  11:32  Pylon  
  190  11:33  Gravitic Drive  
  190  11:34  Probe  
  190  11:35  Probe  
  192  11:45  Observer x2  
  192  11:47  Zealot  
  196  11:58  Zealot x2  
  196  11:59  Zealot  
  194  12:05  Zealot  
  194  12:06  Zealot x2  
  200  12:09  Fleet Beacon  
  200  12:20  Protoss Ground Weapons Level 3  
  200  12:24  Nexus  
  200  12:25  Pylon  
  195  12:45  Zealot  
  195  12:51  Disruptor x2  
  187  12:56  Zealot x7  
  187  12:57  Zealot  
  197  13:16  Zealot x2  
  199  13:33  Protoss Air Weapons Level 2  
  199  14:02  Oracle  
  200  14:08  Dark Shrine  
  192  14:31  Assimilator  
  192  14:32  Assimilator  
  192  14:33  Photon Cannon  
  192  14:34  Photon Cannon  
  192  14:35  Photon Cannon  
  192  14:36  Photon Cannon  
  192  14:39  Shield Battery x2, Pylon  
  192  14:41  Shield Battery  
  192  14:42  Zealot x4  
  192  14:45  Photon Cannon  
  200  14:46  Pylon  
  200  14:50  High Templar x2, Pylon  
  200  14:52  Protoss Ground Armor Level 1  
  192  15:03  Zealot x2  
  192  15:04  Zealot x2  
  200  15:18  Zealot  
  180  15:32  Zealot x2, Dark Templar x4  
  180  15:33  Zealot x5  
  196  15:36  Protoss Air Weapons Level 3  
  194  15:46  Anion Pulse-Crystals  
  194  15:49  Tempest  
  199  15:59  Nexus  
  199  16:01  Pylon  
  199  16:04  Assimilator  
  199  16:06  Assimilator  
  199  16:10  Pylon  
  197  16:14  Tempest  
  195  16:24  Carrier  
  183  16:28  Stargate  
  183  16:30  Stargate  
  183  16:32  Zealot, Dark Templar x3  
  193  16:46  Protoss Ground Armor Level 2  
  193  16:54  Tempest  
  198  17:17  Dark Templar  
  198  17:18  Dark Templar, Tempest  
  198  17:20  Tempest  
  198  17:21  Zealot x2  
  198  18:05  Protoss Air Armor Level 1  
  198  18:09  Carrier x2  
  198  18:13  Tempest  
  198  18:14  Tempest  
  193  18:35  Mothership  
  199  18:48  Shadow Stride  
  199  19:01  Nexus  
  199  19:03  Pylon  
  199  19:06  Nexus, Pylon  
  196  19:10  Pylon  
  196  19:14  High Templar x4  
  197  19:30  Archon x2  
  197  19:31  High Templar x2  
  199  19:33  High Templar  
  199  19:36  High Templar  
  199  19:45  Pylon  
  199  19:48  Pylon  
  199  19:51  Assimilator  
  199  19:55  Archon  
  199  19:56  Pylon  
  199  20:02  Oracle  
  198  20:07  Dark Templar  
  200  20:26  Protoss Air Armor Level 2  
  200  20:29  Protoss Ground Armor Level 3  
  196  20:53  Stalker x2  
  200  21:24  Zealot  
  181  21:33  Archon  
  181  21:38  Stalker x4  
  181  21:39  Stalker x7  
  190  21:58  High Templar  
  189  22:09  Observer  
  189  22:12  Disruptor x2  
  195  22:21  Zealot x2  
  199  22:24  Dark Shrine  
  197  22:33  Zealot x2  
  197  22:34  Zealot x2  
  199  22:38  Photon Cannon x2  
  199  22:39  Shield Battery, Photon Cannon  
  199  22:42  Pylon, Photon Cannon  
  199  22:43  Shield Battery  
  195  22:45  Pylon  
  195  22:52  Pylon  
  195  22:56  Pylon  
  195  23:03  Assimilator  
  195  23:04  Observer x2  
  158  23:36  Tempest x3  
  158  23:37  Tempest  
  138  23:41  Stalker x5  
  138  23:42  Stalker x2  
  138  23:43  Stalker x5  
  138  23:47  Mothership  
  169  24:11  Observer x2  
  169  24:16  Zealot x2  
  173  24:17  Zealot x5  
  177  24:38  Zealot x3  
  181  24:40  Carrier, Oracle  
  181  24:44  Probe x4  
  194  24:55  Disruptor  
  194  24:56  Probe  
  198  25:13  Zealot  
  199  25:16  Zealot  
  193  25:26  Disruptor x2  
  193  25:27  Photon Cannon  
  189  25:29  Photon Cannon  
  189  25:30  Photon Cannon  
  193  25:53  Protoss Air Armor Level 3  
  193  26:00  Nexus  
  193  26:03  Pylon  
  155  27:06  Probe x4  
  155  27:07  Probe  
  158  27:12  Probe  
  159  27:16  Zealot x6  
  159  27:17  Zealot x5  
  159  27:18  Probe x2  
  159  27:19  Probe x2  
  184  27:24  Probe  
  185  27:30  Probe  
  184  27:43  High Templar  
  184  27:44  High Templar x3, Zealot x4  
  182  27:45  Zealot x2  
  182  27:49  Archon x2  
  184  28:04  Observer x2  
  184  28:08  Probe x5  
  159  28:59  Zealot  
  159  29:00  Zealot x2  
  165  29:06  High Templar  
  165  29:08  High Templar  
Show
View Real Time Build Order
Export as new Build Order

PiG Zerg - Winner!

Build Orders: Hatch First, Brood Lord Corruptor 

Get SALT Encoding   

  12  0:01  Drone  
  13  0:13  Overlord  
  13  0:17  Drone  
  14  0:31  Drone  
  14  0:32  Drone  
  16  0:36  Drone  
  17  0:53  Hatchery  
  17  0:56  Drone  
  17  0:59  Drone  
  18  1:10  Extractor  
  17  1:15  Spawning Pool  
  17  1:18  Drone  
  17  1:20  Drone  
  18  1:31  Drone  
  19  1:42  Overlord  
  19  1:53  Drone  
  20  2:02  Queen  
  20  2:03  Zergling x2  
  20  2:06  Queen  
  20  2:07  Zergling x2  
  26  2:12  Metabolic Boost  
  26  2:15  Drone  
  27  2:25  Drone x2  
  29  2:39  Hatchery  
  29  2:41  Drone  
  29  2:42  Drone  
  30  2:46  Drone x2  
  32  2:56  Overlord  
  32  2:58  Drone  
  32  2:59  Queen  
  35  3:12  Drone  
  36  3:16  Overlord  
  36  3:17  Drone x2  
  36  3:19  Drone x2  
  40  3:26  Drone  
  43  3:27  Drone x3  
  44  3:34  Overlord  
  44  3:36  Overlord  
  44  3:42  Drone  
  45  3:51  Spore Crawler  
  45  3:54  Spore Crawler  
  45  3:55  Drone x4  
  46  3:59  Queen  
  49  4:06  Drone  
  49  4:07  Evolution Chamber  
  49  4:08  Drone x4  
  49  4:09  Drone  
  54  4:10  Drone  
  54  4:13  Lair, Extractor  
  54  4:17  Drone  
  54  4:18  Drone x2  
  54  4:20  Zergling x4  
  59  4:29  Drone  
  60  4:32  Spore Crawler  
  60  4:34  Zerg Melee Weapons Level 1  
  60  4:36  Drone x2  
  60  4:37  Drone  
  64  4:45  Drone x5  
  65  5:03  Overlord x3  
  65  5:06  Extractor  
  64  5:07  Queen  
  64  5:08  Extractor  
  64  5:09  Extractor  
  64  5:10  Extractor  
  63  5:14  Hydralisk Den  
  63  5:15  Drone x2  
  63  5:16  Baneling Nest  
  63  5:17  Drone x2  
  63  5:18  Overlord  
  65  5:26  Drone x3  
  65  5:27  Drone  
  65  5:28  Drone x4  
  73  5:34  Overseer  
  73  5:44  Queen x2  
  73  5:49  Grooved Spines  
  76  5:50  Drone x5  
  76  5:53  Hatchery  
  78  5:59  Spore Crawler  
  78  6:00  Spore Crawler  
  78  6:01  Drone x6  
  82  6:07  Spore Crawler  
  82  6:11  Drone  
  81  6:23  Overlord  
  81  6:24  Overlord x7  
  80  6:30  Spore Crawler, Overlord  
  79  6:36  Overseer  
  79  6:39  Spore Crawler  
  78  6:44  Zerg Melee Weapons Level 2  
  78  6:45  Centrifical Hooks  
  77  6:48  Drone x2, Evolution Chamber  
  77  6:50  Drone x2  
  77  6:51  Drone x3  
  77  6:53  Drone  
  77  6:54  Drone  
  85  6:57  Drone x2  
  85  6:58  Drone x2  
  89  7:03  Extractor  
  88  7:11  Spore Crawler  
  88  7:14  Muscular Augments, Hydralisk x6  
  88  7:15  Hydralisk x3  
  105  7:19  Hydralisk x2  
  105  7:22  Zerg Missile Weapons Level 1  
  109  7:26  Drone x2  
  109  7:28  Drone  
  112  7:43  Hydralisk x7  
  126  7:48  Extractor  
  125  7:52  Infestation Pit  
  125  7:55  Drone x3  
  127  8:13  Zergling x14  
  127  8:14  Zergling x12  
  127  8:19  Overlord x4  
  140  8:20  Zergling x4  
  142  8:33  Zergling x14  
  149  8:36  Baneling  
  149  8:37  Baneling x9  
  149  8:38  Baneling x4  
  149  8:39  Baneling x5  
  149  8:48  Hive  
  149  8:50  Spire  
  149  8:53  Baneling x3  
  149  8:54  Baneling x3  
  138  9:18  Zerg Missile Weapons Level 2  
  138  9:19  Zerg Ground Armor Level 1  
  138  9:24  Zergling x2, Hydralisk  
  138  9:25  Zergling x16, Hydralisk x12  
  167  9:36  Hydralisk x5  
  171  9:41  Spine Crawler  
  168  9:53  Baneling  
  168  9:54  Baneling x5  
  164  10:09  Corruptor x5, Greater Spire  
  164  10:11  Overlord x4  
  174  10:16  Drone x2  
  176  10:22  Spine Crawler, Hatchery  
  176  10:23  Spine Crawler  
  176  10:25  Extractor  
  176  10:26  Extractor  
  168  10:46  Corruptor x2  
  172  10:50  Drone x9  
  172  10:51  Corruptor x4  
  172  10:53  Spine Crawler  
  172  10:54  Spine Crawler  
  172  10:56  Queen  
  187  10:58  Queen  
  187  11:01  Queen  
  192  11:17  Adrenal Glands  
  192  11:22  Brood Lord x3  
  192  11:24  Brood Lord  
  200  11:39  Spine Crawler  
  200  11:40  Drone, Spine Crawler x2  
  200  11:41  Spine Crawler x2, Brood Lord  
  200  11:42  Spine Crawler  
  199  11:47  Brood Lord  
  199  11:49  Brood Lord  
  186  12:01  Brood Lord x3  
  181  12:20  Drone x8  
  181  12:22  Spore Crawler, Spine Crawler  
  188  12:23  Pathogen Glands  
  188  12:26  Zerg Flyer Weapons Level 1  
  188  12:27  Zerg Melee Weapons Level 3  
  188  12:28  Brood Lord  
  189  12:31  Spine Crawler  
  189  12:32  Spine Crawler  
  189  12:33  Spine Crawler  
  189  12:34  Zergling x10  
  189  12:46  Drone x3  
  189  12:47  Drone x3  
  187  12:52  Spore Crawler  
  187  12:53  Spore Crawler  
  187  12:55  Spore Crawler  
  182  13:00  Drone x8  
  190  13:15  Zerg Ground Armor Level 2  
  190  13:32  Infestor x3  
  190  13:33  Infestor x2  
  200  13:34  Neural Parasite  
  200  13:37  Burrow  
  195  14:01  Corruptor x2  
  199  14:11  Spine Crawler  
  199  14:12  Spine Crawler  
  199  14:13  Spine Crawler  
  199  14:15  Spine Crawler  
  189  14:20  Zerg Flyer Armor Level 1  
  189  14:24  Spine Crawler  
  188  14:25  Spine Crawler  
  187  14:31  Spine Crawler  
  187  14:32  Spine Crawler  
  187  14:33  Spore Crawler  
  187  14:35  Drone x2, Infestor x4  
  187  14:36  Spine Crawler  
  187  14:37  Spine Crawler  
  192  14:39  Corruptor x3  
  192  14:43  Spire  
  197  15:04  Drone x2  
  199  15:07  Overseer  
  199  15:09  Zerg Missile Weapons Level 3  
  199  15:18  Spore Crawler x2  
  187  15:27  Drone x2  
  187  15:28  Drone x4, Spine Crawler  
  175  15:29  Spine Crawler  
  175  15:30  Spine Crawler x2  
  175  15:33  Spore Crawler  
  175  15:34  Spine Crawler  
  169  15:48  Zerg Ground Armor Level 3  
  169  15:55  Drone x3  
  172  15:57  Hatchery  
  172  15:58  Unknown  
  172  15:59  Unknown  
  169  16:05  Spore Crawler x2  
  169  16:06  Spore Crawler x2  
  169  16:08  Spore Crawler  
  169  16:10  Spore Crawler  
  161  16:14  Zerg Flyer Weapons Level 2  
  161  16:28  Viper x2  
  167  16:45  Brood Lord  
  167  16:46  Brood Lord x4  
  177  16:52  Spore Crawler  
  177  16:53  Corruptor x2  
  178  16:54  Spore Crawler  
  178  16:58  Drone x4  
  174  17:33  Overlord x2  
  174  17:36  Pneumatized Carapace  
  174  17:49  Drone x10, Corruptor x4  
  174  17:50  Spore Crawler  
  189  17:51  Spore Crawler  
  178  18:20  Corruptor x6  
  178  18:21  Infestor  
  178  18:25  Infestor x2  
  194  18:35  Spore Crawler  
  193  18:41  Drone x2  
  195  18:52  Zergling x4  
  195  18:53  Zergling x4  
  199  19:00  Spore Crawler  
  199  19:01  Spore Crawler  
  197  19:16  Zerg Flyer Weapons Level 3  
  197  19:19  Zerg Flyer Armor Level 2  
  197  19:21  Overseer  
  197  19:22  Overseer x2  
  197  19:55  Hatchery, Infestor  
  197  20:26  Infestor x2  
  191  20:44  Infestor x4  
  199  21:03  Spore Crawler x2  
  197  21:05  Spore Crawler  
  172  21:37  Infestor  
  172  21:38  Infestor x5  
  172  21:39  Zergling x8  
  181  21:40  Zergling x42  
  198  21:54  Hatchery  
  198  21:57  Extractor  
  198  21:58  Extractor  
  198  21:59  Corruptor  
  198  22:00  Corruptor  
  199  22:03  Overseer x3  
  199  22:10  Spore Crawler x3  
  199  22:15  Corruptor x2  
  191  22:27  Corruptor x5  
  196  22:30  Brood Lord x2  
  190  22:49  Zergling x20  
  200  22:54  Zerg Flyer Armor Level 3  
  200  22:55  Greater Spire  
  199  23:17  Spore Crawler  
  199  23:18  Spore Crawler  
  165  23:41  Infestor x6  
  165  23:44  Zergling x20  
  165  23:45  Zergling x14  
  191  23:50  Queen  
  191  23:51  Queen  
  178  24:05  Corruptor x4  
  186  24:12  Overlord x2  
  186  24:13  Overseer  
  186  24:17  Brood Lord x4  
  190  24:18  Corruptor x3  
  196  24:24  Spore Crawler, Infestor x2  
  196  24:25  Spore Crawler  
  196  24:27  Spore Crawler  
  190  24:37  Zergling x20  
  190  24:38  Zergling x4  
  192  25:08  Brood Lord x2  
  192  25:09  Corruptor x2  
  193  25:34  Zergling x14  
  200  25:53  Overlord x2  
  200  25:54  Overseer x2  
  200  26:00  Baneling x8  
  200  26:01  Baneling x2  
  200  26:03  Baneling x9  
  192  26:47  Zergling x22  
  193  27:02  Corruptor x3  
  199  27:13  Spine Crawler x2  
  197  27:16  Spine Crawler  
  194  27:23  Infestor  
  194  27:24  Infestor  
  194  27:30  Overseer  
  182  27:48  Spine Crawler  
  182  27:49  Spine Crawler  
  178  27:51  Spine Crawler  
  178  27:56  Zergling x8  
  178  27:57  Zergling x26  
  190  28:12  Hatchery  
  189  28:13  Extractor  
  189  28:15  Extractor  
  183  28:33  Corruptor x2  
  175  28:41  Corruptor x9  
  180  29:03  Corruptor x5  
  180  29:04  Infestor x2  
  180  29:05  Infestor x2  
  198  29:24  Overlord  
  182  30:08  Infestor x2  
  182  30:09  Infestor  
Tags
 
Add a new tag
Caveats
  • Supply blocks, unpowered buildings, or Contaminate may cause inaccurate times.
  • Supply counts are checked every 10 seconds.